 Dungeon Crawl Stone Soup version 0.23-a0-8-gb809bb7 (webtiles) character file.

29197 Amnesiac the Thaumaturge (level 13, -6/79 HPs)
             Began as a Mummy Wizard on Aug 1, 2018.
             Was a High Priest of Vehumet.
             Killed from afar by an ice dragon (21 damage)
             ... with a blast of cold
             ... in an ice cave.
             The game lasted 00:52:24 (20287 turns).

Amnesiac the Thaumaturge (Mummy Wizard)            Turns: 20287, Time: 00:52:24

Health: -6/79      AC:  4    Str: 10    XL:     13   Next: 13%
Magic:  9/30       EV: 17    Int: 21    God:    Vehumet [*****.]
Gold:   855        SH:  0    Dex: 12    Spells: 19/39 levels left

rFire    . . .     SeeInvis +   a - +1 dagger (venom)
rCold    + . .     Gourm    .   (no shield)
rNeg     + + +     Faith    .   D - +0 robe {rF+}
rPois    ∞         Spirit   .   (no helmet)
rElec    .         Reflect  .   g - scarf {repulsion}
rCorr    .         Harm     .   d - +0 pair of gloves
MR       +....                  m - +0 pair of boots
Stlth    ++........             (no amulet)
HPRegen  0.23/turn              l - ring of see invisible
MPRegen  0.22/turn              o - +5 ring of evasion

@: repel missiles
A: no food or potions, fire vulnerability, cold resistance 1, negative energy
resistance 3, torment resistance, unbreathing, in touch with death 1
a: Renounce Religion


You were in an ice cave.
You worshipped Vehumet.
Vehumet was extremely pleased with you.
You were not hungry.

You visited 1 branch of the dungeon, and saw 15 of its levels.
You visited 1 bazaar.
You also visited: Labyrinth and Ice Cave.

You collected 855 gold pieces.

Inventory:

Hand Weapons
 a - a +1 dagger of venom (weapon)
 e - a +1 flail of protection
 n - a +0 hunting sling
 w - the +4 long sword "Tuniz" {freeze, Int+4, unknown}
   (You took it off a minotaur in a labyrinth)

   It has been specially enchanted to freeze those struck by it, causing extra
   injury to most foes and up to half again as much damage against particularly
   susceptible opponents.
   It can also slow down cold-blooded creatures.
   It affects your intelligence (+4).
 J - the +4 spear "Faidwemp" {pierce, Str+5, unknown}
   (You found it in a labyrinth)

   It inflicts extra damage upon your enemies.
   It affects your strength (+5).
Missiles
 c - 422 stones (quivered)
 h - 33 sling bullets
Armour
 d - a +0 pair of gloves (worn)
 g - a scarf of repulsion (worn)
 m - a +0 pair of boots (worn)
 t - a +2 shield
 D - a +0 robe of fire resistance (worn)
 F - a +0 troll leather armour
 H - a +2 cloak
Magical Staves
 b - an uncursed staff of energy
 K - an uncursed staff of air {unknown}
Jewellery
 l - a ring of see invisible (left hand)
 o - a +5 ring of evasion (right hand)
 x - an uncursed amulet of harm
 I - an uncursed ring of fire
Wands
 i - a wand of polymorph (24)
 j - a wand of enslavement (8)
 A - a wand of paralysis (12)
 C - a wand of iceblast (3)
 G - a wand of acid (7)
 L - a wand of flame (44)
Scrolls
 f - 4 scrolls of enchant weapon {!r}
 k - 4 scrolls of teleportation {!r}
 p - a scroll of torment {!r}
 q - 3 scrolls of identify {!r}
 s - 3 scrolls of blinking {!r}
 u - 2 scrolls of enchant armour {!r}
 v - 2 scrolls of fog {!r}
 y - 4 scrolls of remove curse {!r}
 z - 3 scrolls of amnesia {!r}
 B - a scroll of vulnerability {!r}
 E - a scroll of noise {!r}


   Skills:
 - Level 1.5 Dodging
 - Level 1.5 Stealth
 + Level 13.7 Spellcasting
 * Level 13.6 Conjurations
   Level 12.5 Hexes
 - Level 0.7 Summonings
 - Level 0.7 Translocations


You had 19 spell levels left.
You knew the following spells:

 Your Spells              Type           Power        Failure   Level  Hunger
a - Searing Ray           Conj           ######       1%          2    N/A
b - Call Imp              Summ           ###.....     4%          2    N/A
c - Magic Dart            Conj           ####         0%          1    N/A
d - Force Lance           Conj/Tloc      #####...     1%          4    N/A
e - Mephitic Cloud        Conj/Pois/Air  ####....     1%          3    N/A
s - Conjure Flame         Conj/Fire      #####...     1%          3    N/A
v - Blink                 Tloc           N/A          4%          2    N/A
z - Ozocubu's Armour      Chrm/Ice       ##......     13%         3    N/A

Your spell library contained the following spells:

 Spells                   Type           Power        Failure   Level  Hunger
 Apportation              Tloc           ###...       3%          1    N/A
 Slow                     Hex            ######..     1%          2    N/A
 Throw Frost              Conj/Ice       #####.       1%          2    N/A
 Summon Small Mammal      Summ           ###.         3%          1    N/A
 Animate Skeleton         Necr           N/A          4%          1    N/A
 Freeze                   Ice            ##..         1%          1    N/A
 Summon Ice Beast         Ice/Summ       ###.....     36%         4    N/A
 Throw Icicle             Conj/Ice       #####...     1%          4    N/A
 Confusing Touch          Hex            ######       1%          1    N/A

Dungeon Overview and Level Annotations

Branches:
Dungeon (15/15)            Temple (0/1) D:7            Lair (0/6) D:10
    Orc (0/2) D:11         Vaults (0/5) D:14         Depths (0/5) D:15

Altars:
Ashenzari
Dithmenos
Fedhas
Gozag
Kikubaaqudgha
Makhleb
Qazlal
Trog
Uskayaw
Vehumet
Wu Jian
Xom
Yredelemnul
Zin
The Shining One
Jiyva

Shops:
D:5 :   D:7 !   D:9 **   D:14 (

Annotations:
D:5 1 runed door, OnekoMk1's ghost, novice TeAE
D:10 exclusions: bullfrog and efreet IceCv exclusion: 2 ice statues


Innate Abilities, Weirdness & Mutations

You do not eat or drink.
Your flesh is vulnerable to fire.
You are immune to poison.
Your flesh is cold resistant. (rC+)
You are immune to negative energy. (rN+++)
You are immune to unholy pain and torment.
You can survive without breathing.
You are in touch with the powers of death.


Message History

The ice beast hits you but does no damage.
The ice beast hits you. The ice beast freezes you. You resist.
The ice statue gestures at you. The shard of ice hits you!
You partially resist. The ice beast barely misses you.
Unknown command.
Casting: Force Lance (safe; 1% risk of failure)
Confirm with . or Enter, or press ? or * to list all spells.
Aiming: Force Lance (safe; 1% risk of failure)
Press: ? - help, Shift-Dir - straight line, f/p - ice statue
Aim: an ice statue (severely damaged)
The lance of force hits the ice statue.
The ice statue is severely damaged.
The ice beast hits you but does no damage.
The ice beast barely misses you. The ice beast hits you.
The ice beast freezes you. You resist. The ice beast completely misses you.
The ice statue gestures.
The ice beast hits you. The ice beast freezes you. You resist.
The ice beast barely misses you. The ice statue gestures at you.
The bolt of cold hits the ice beast.
The ice beast completely resists.
The bolt of cold misses you. The ice beast hits you. The ice beast freezes you.
You resist. The ice beast barely misses you. The ice beast closely misses you.
You closely miss the ice beast. The ice beast barely misses you.
The ice beast hits you but does no damage.
The ice beast misses you.
The ice beast hits you but does no damage. x2
The ice beast completely misses you.
Unknown command.
The ice beast closely misses you. The ice beast misses you.
The ice beast hits you but does no damage.
The ice statue gestures at you.
The bolt of cold hits the ice beast.
The ice beast completely resists.
The bolt of cold hits you! You resist.
* * * LOW HITPOINT WARNING * * *
The ice statue gestures at you.
The freezing blast engulfs the ice beast.
The ice beast completely resists.
The ice beast barely misses you.
The ice statue glitters chillingly in the dim dungeon light. 2 ice beasts come into view.
An ice beast comes into view.
Really read
k - 6 scrolls of teleportation {!r}?
As you read the scroll of teleportation {!r}, it crumbles to dust.
You feel strangely unstable.
The ice beast hits you but does no damage.
The ice beast hits you but does no damage.
The ice beast closely misses you. x2
Your surroundings suddenly seem different.
Found an amulet of faith, 162 gold pieces and an ancient wooden ring. 2 ice dragons come into view.
Unknown command.
The ice dragon roars deafeningly! x2
Really read
k - 5 scrolls of teleportation {!r}?
As you read the scroll of teleportation {!r}, it crumbles to dust.
You feel strangely unstable. The ice dragon breathes frost at you.
The blast of cold hits you! You resist.
* * * LOW HITPOINT WARNING * * *
Your surroundings seem slightly different.
The ice dragon breathes frost at you. The blast of cold hits you! You resist.
You die...

########
####...D@.#
##.....D#.....#
#..§##.###......#
###..### ......"
##.# $....$. # .#
$$..$=$ ..# ##
$$$$$## ####..#
###### #.Y..#


You could see 2 ice dragons.

Vanquished Creatures
  A minotaur (Lab)
  Harold (D:7)
  2 hydras (D:14)
  4 two-headed ogres
  A centaur warrior (D:13)
  A death knight (D:13)
  Urug (D:13)
  An unseen horror (D:14)
  Pikel (D:8)
  5 ugly things (D:14)
  A deep elf mage (D:13)
  3 manticores
  2 cyclopes
  A gargoyle (D:14)
  A komodo dragon (D:10)
  A rime drake (IceCv)
  2 kobold demonologists (D:13)
  3 trolls
  A slime creature (D:11)
  Prince Ribbit (D:5)
  5 hippogriffs
  Sigmund (D:4)
  A vampire (D:13)
  A wraith (D:13)
  3 shadows
  7 yaks
  A wyvern (D:14)
  Eustachio (D:5)
  4 hogs (D:7)
  A human (D:7)
  A hungry ghost (D:11)
  6 vampire mosquitoes
  Duvessa (D:5)
  A soldier ant (D:13)
  A floating eye (shapeshifter) (D:14)
  A water moccasin (D:11)
  4 orc warriors
  13 ice beasts
  2 eyes of draining
  4 sky beasts
  4 slaves (D:8)
  A phantom (D:8)
  7 ogres
  A necrophage (D:14)
  A wolf (shapeshifter) (D:14)
  7 centaurs
  A crocodile (D:13)
  7 big kobolds
  6 bullfrogs
  Dowan (D:5)
  A water moccasin zombie (D:10)
  A wyvern skeleton (D:14)
  4 scorpions
  4 killer bees
  20 wights
  2 howler monkeys
  5 crimson imps
  2 bullfrog skeletons
  4 centaur zombies
  8 orc priests
  2 bullfrog zombies (D:12)
  5 hounds
  8 jellies
  Crazy Yiuf (D:4)
  13 orc wizards
  6 centaur skeletons
  Terence (D:2)
  7 worker ants
  2 hound zombies
  A hound skeleton (D:9)
  2 worker ant zombies
  7 gnolls
  11 adders
  2 shadow imps
  A white imp (D:15)
  2 oozes
  3 adder skeletons
  An adder zombie (D:6)
  6 worms
  3 dart slugs
  4 leopard geckos
  58 orcs
  17 bats
  5 giant cockroaches
  9 hobgoblins
  11 jackals
  24 kobolds
  9 quokkas
  A ball python (D:2)
  6 frilled lizards
  10 goblins
  A jackal skeleton (D:9)
  A leopard gecko skeleton (D:6)
  12 rats
432 creatures vanquished.

Vanquished Creatures (collateral kills)
  A hound (D:3)
  A hound skeleton (D:4)
  4 gnolls (D:3)
  2 adders (D:4)
  A worm (D:3)
  A quokka (D:3)
10 creatures vanquished.

Grand Total: 442 creatures vanquished

Notes
Turn   | Place    | Note
-------+----------+-------------------------------------------
     0 | D:1      | Amnesiac the Mummy Wizard began the quest for the Orb.
     0 | D:1      | Reached XP level 1. HP: 13/13 MP: 5/5
    15 | D:1      | Reached skill level 1 in Conjurations
   230 | D:1      | Reached XP level 2. HP: 6/19 MP: 0/7
   236 | D:1      | Learned a level 2 spell: Blink
   239 | D:1      | Learned a level 2 spell: Call Imp
   735 | D:1      | You fall through a shaft!
   869 | D:2      | Reached XP level 3. HP: 24/24 MP: 0/8
   874 | D:2      | Learned a level 3 spell: Conjure Flame
  1290 | D:2      | Found a shadowy altar of Dithmenos.
  1290 | D:2      | Found a glowing golden altar of the Shining One.
  1500 | D:3      | Reached XP level 4. HP: 23/30 MP: 6/10
  1700 | D:4      | Reached XP level 5. HP: 7/35 MP: 2/11
  1977 | D:3      | Learned a level 3 spell: Mephitic Cloud
  2383 | D:4      | Found a runed door.
  2487 | D:4      | Reached XP level 6. HP: 38/41 MP: 4/12
  2646 | D:4      | Noticed Sigmund
  2678 | D:4      | Killed Sigmund
  2678 | D:4      | Reached skill level 5 in Spellcasting
  2678 | D:4      | Reached skill level 5 in Conjurations
  2953 | D:4      | Noticed Crazy Yiuf
  2961 | D:4      | Killed Crazy Yiuf
  3044 | D:5      | Entered Level 5 of the Dungeon
  3045 | D:5      | Found a shattered altar of Ashenzari.
  3093 | D:5      | Reached XP level 7. HP: 32/46 MP: 11/16
  3247 | D:5      | Found Obylaaf's Book Shoppe.
  3270 | D:5      | Became a worshipper of Ashenzari the Shackled
  4046 | D:2      | Found a radiant altar of Vehumet.
  4066 | D:2      | Fell from the grace of Ashenzari
  4066 | D:2      | Became a worshipper of Vehumet
  4301 | D:2      | Noticed Terence
  4384 | D:2      | Killed Terence
  4442 | D:2      | Reached * piety under Vehumet
  4442 | D:2      | Offered knowledge of Sting by Vehumet.
  4840 | D:3      | Noticed a moth of wrath
  5129 | D:3      | Found a bloodstained altar of Trog.
  5536 | D:5      | Noticed Eustachio
  5553 | D:5      | Killed Eustachio
  5663 | D:5      | Noticed Dowan
  5687 | D:5      | Noticed Duvessa
  5701 | D:5      | Noticed Prince Ribbit
  5711 | D:5      | Killed Duvessa
  5711 | D:5      | Reached XP level 8. HP: 51/52 MP: 3/18
  5715 | D:5      | Killed Dowan
  5721 | D:5      | Killed Prince Ribbit
  5967 | D:5      | Found a runed door.
  5968 | D:5      | Noticed OnekoMk1's ghost (novice TeAE)
  6297 | D:5      | Found a burning altar of Makhleb.
  6511 | D:6      | Offered knowledge of Throw Frost by Vehumet.
  6662 | D:5      | Reached ** piety under Vehumet
  7231 | D:6      | Found a basalt altar of Yredelemnul.
  7267 | D:6      | Was forgiven by Ashenzari
  8158 | D:6      | Reached XP level 9. HP: 47/57 MP: 19/21
  8413 | D:7      | Found a staircase to the Ecumenical Temple.
  8446 | D:7      | Noticed Harold
  8457 | D:7      | Killed Harold
  8700 | D:7      | Found an ornate altar of the Wu Jian Council.
  8704 | D:7      | Found a hide-covered altar of Uskayaw.
  8709 | D:7      | Found a blossoming altar of Fedhas.
  8800 | D:7      | Offered knowledge of Searing Ray by Vehumet.
  8828 | D:7      | Learned a level 2 spell: Searing Ray
  8848 | D:7      | Found Feipiteh's Distillery.
  8898 | D:7      | Reached *** piety under Vehumet
  8999 | D:7      | Found a shimmering altar of Xom.
  9149 | D:7      | Reached skill level 10 in Spellcasting
  9149 | D:7      | Reached skill level 10 in Conjurations
  9170 | D:7      | Reached XP level 10. HP: 48/63 MP: 20/24
  9330 | D:8      | Noticed Pikel
  9337 | D:8      | Killed Pikel
  9417 | D:8      | Found an opulent altar of Gozag.
  9608 | D:8      | Offered knowledge of Olgreb's Toxic Radiance by Vehumet.
  9916 | D:8      | Found an ancient bone altar of Kikubaaqudgha.
 10617 | D:9      | Reached **** piety under Vehumet
 10644 | D:9      | Found Zin's Purification Station.
 10647 | D:9      | Found a glowing silver altar of Zin.
 10854 | D:9      | Found Xuixoata's Changing Room.
 10910 | D:9      | Offered knowledge of Stone Arrow by Vehumet.
 11195 | D:10     | Entered Level 10 of the Dungeon
 11286 | D:10     | Found a staircase to the Lair.
 11448 | D:10     | Found a stormy altar of Qazlal.
 11798 | D:10     | Reached skill level 5 in Hexes
 11979 | D:11     | Reached XP level 11. HP: 48/68 MP: 20/26
 12717 | D:11     | Reached ***** piety under Vehumet
 12781 | D:11     | Offered knowledge of Spellforged Servitor by Vehumet.
 12870 | D:11     | Found a viscous altar of Jiyva.
 12888 | D:11     | Reached skill level 10 in Hexes
 13203 | D:11     | Found a staircase to the Orcish Mines.
 14060 | D:12     | Noticed a two-headed ogre
 14069 | D:12     | Killed a two-headed ogre
 14300 | D:13     | Found a flickering gateway to a bazaar.
 14310 | Bazaar   | Entered a bazaar
 14330 | Bazaar   | Found Vodul's Magic Scroll Shoppe.
 14330 | Bazaar   | Found Efisogol's Antique Armour Shoppe.
 14362 | Bazaar   | Found Ihiefed's Jewellery Emporium.
 14362 | Bazaar   | Found Xulowaurgh's Distillery.
 14398 | D:13     | Noticed Urug
 14415 | D:13     | Killed Urug
 14460 | D:13     | Noticed a deep elf mage
 14496 | D:13     | Found a labyrinth entrance.
 14501 | Lab      | Entered a labyrinth
 15779 | Lab      | Noticed a minotaur
 15796 | Lab      | Killed a minotaur
 15800 | Lab      | Got an ichor-stained long sword {freeze}
 15808 | Lab      | Got an iridescent spear
 15934 | D:13     | Noticed a two-headed ogre
 16010 | D:13     | Reached XP level 12. HP: 45/74 MP: 18/27
 16032 | D:13     | Killed a two-headed ogre
 16300 | D:13     | Noticed a centaur warrior
 16345 | D:13     | Killed a centaur warrior
 16933 | D:14     | Found Qiydwashrev's Antique Weapon Shoppe.
 16933 | D:14     | Noticed a death knight
 17303 | D:13     | Killed a death knight
 17727 | D:14     | Noticed a two-headed ogre
 17737 | D:14     | Killed a two-headed ogre
 17898 | D:14     | Noticed a four-headed hydra
 17907 | D:14     | Killed a four-headed hydra
 17952 | D:14     | Noticed a two-headed ogre
 17958 | D:14     | Killed a two-headed ogre
 18167 | D:14     | Found a gate to the Vaults.
 18791 | D:14     | Gained mutation: You are in touch with the powers of death. [Mummy growth]
 18791 | D:14     | Reached XP level 13. HP: 67/79 MP: 9/30
 19092 | D:14     | HP: 1/79 [vampire mosquito (11)]
 19479 | D:15     | Entered Level 15 of the Dungeon
 19602 | D:15     | Found a frozen archway.
 19602 | D:15     | Found a staircase to the Depths.
 19602 | D:15     | Noticed a fire giant
 19613 | IceCv    | Entered an ice cave
 19806 | IceCv    | Learned a level 3 spell: Ozocubu's Armour
 19894 | IceCv    | Offered knowledge of Force Lance by Vehumet.
 19902 | IceCv    | Learned a level 4 spell: Force Lance
 20287 | IceCv    | Killed from afar by an ice dragon

Vault maps used:
D:1:      kilobyte_arrival_exit_the_forest, minmay_three_crescents
D:2:      vehumet_crystals, nicolae_overflow_hidden_temple, first_ration,
          feat_on_display, uniq_terence
D:3:      tgw_trog
D:4:      enter_ossuary_2, uniq_crazy_yiuf_cottage, uniq_sigmund
D:5:      kennysheep_little_box, ashenzari_altar_1,
          hellmonk_ghost_happy_afterlife, serial_shops, nicolae_shop_stone,
          uniq_duvessa, uniq_prince_ribbit1, uniq_eustachio
D:6:      old_standard_altar, kennysheep_generic_room_14
D:7:      xom_teletrap_fun, minmay_overflow_temple_star_quad,
          minmay_temple_entry_grid, serial_shops, shop, st_stairs_6,
          grunt_livestock, uniq_harold
D:8:      old_standard_altar, grunt_gozag_statues, uniq_pikel
D:9:      zin_purify, grunt_ministairs_3, nicolae_transmutations_shop
D:10:     lair_entry_dummy, basic_altar, minmay_misc_feat_iff,
          hangedman_corner_corridor
D:11:     hiddenorc1_lemuel, jiyva_altar_1
D:12:     roderic_st_hans_cross
D:13:     lab_entry_generic, serial_shops, bzr_in_the_mist, uniq_urug
D:14:     david_vaults_4, serial_shops, shop, kennysheep_small_spiral,
          lemuel_flamethrower_3
D:15:     grunt_enter_depths_giant_problem, portal_ice_cave_entry_imps
Lab:      labyrinth_green, nicolae_lab_checkerboard, nicolae_lab_blocks,
          labyrinth_skeletal_remains
Bazaar:   grunt_bazaar_doublecross
IceCv:    ice_cave_small_dragons

Skill      XL: |  1  2  3  4  5  6  7  8  9 10 11 12 |
---------------+-------------------------------------+-----
Conjurations   | 1 2 3 4 5 6 8 10 11 13 | 13.6
Spellcasting   | 6 7 8 10 11 13 | 13.7
Hexes          | 6 12 | 12.5
Dodging        | |  1.5
Stealth        | |  1.5
Summonings     | |  0.7
Translocations | |  0.7

Action                   |  1- 3 |  4- 6 |  7- 9 | 10-12 | 13-15 || total
-------------------------+-------+-------+-------+-------+-------++-------
Melee: Unarmed           |    36 |       |       |       |       ||    36
       Spear             |       |     9 |       |       |       ||     9
       Flail             |       |    52 |       |       |       ||    52
       Quarterstaff      |       |     7 |    18 |       |       ||    25
       Dagger            |       |       |   210 |   161 |     2 ||   373
       Short sword       |       |       |     4 |       |       ||     4
       Staff             |       |       |    11 |       |       ||    11
 Fire: Hunting sling     |       |       |   114 |       |       ||   114
Throw: Stone             |     1 |       |       |       |       ||     1
 Cast: Magic Dart        |    79 |    45 |   158 |    34 |       ||   316
       Call Imp          |    11 |     8 |    14 |       |       ||    33
       Mephitic Cloud    |       |     9 |    21 |    26 |       ||    56
       Conjure Flame     |       |       |     8 |    49 |     3 ||    60
       Searing Ray       |       |       |     2 |   174 |    24 ||   200
       Blink             |       |       |       |     1 |       ||     1
       Force Lance       |       |       |       |       |    12 ||    12
Evoke: Wand              |       |       |     2 |    35 |     7 ||    44
  Use: Scroll            |     2 |     4 |     5 |    14 |     5 ||    30
 Stab: Confused          |       |     3 |     5 |     5 |       ||    13
       Sleeping          |       |       |       |     2 |       ||     2
Armor: Robe              |    24 |    18 |    58 |    31 |    18 ||   149
Dodge: Dodged            |    68 |    71 |   226 |   293 |    97 ||   755
       Deflected         |       |       |     2 |    13 |     4 ||    19

Table legend:
 A = Spawn XP
 B = Non-spawn XP
 C = Spawn XP percentage of total XP
 D = Spawn monster count
 E = Non-spawn monster count
 F = Spawn count percentage of total count
 G = Total turns spent on level
                    A         B        C        D         E        F      G
               +---------+---------+-------+---------+---------+-------+---------
         Total |       0 |   41711 |   0.0 |       0 |     438 |   0.0 | 20287
               +---------+---------+-------+---------+---------+-------+---------
           D:1 |       0 |      64 |   0.0 |       0 |      37 |   0.0 |  1412
           D:2 |       0 |     106 |   0.0 |       0 |      27 |   0.0 |  1036
           D:3 |       0 |     190 |   0.0 |       0 |      37 |   0.0 |  1473
           D:4 |       0 |     532 |   0.0 |       0 |      25 |   0.0 |  1489
           D:5 |       0 |    1436 |   0.0 |       0 |      25 |   0.0 |  1838
           D:6 |       0 |     750 |   0.0 |       0 |      25 |   0.0 |  1106
           D:7 |       0 |    2698 |   0.0 |       0 |      33 |   0.0 |   970
           D:8 |       0 |    2157 |   0.0 |       0 |      26 |   0.0 |  1001
           D:9 |       0 |     820 |   0.0 |       0 |      23 |   0.0 |   870
          D:10 |       0 |    1648 |   0.0 |       0 |      13 |   0.0 |   961
          D:11 |       0 |    4645 |   0.0 |       0 |      52 |   0.0 |  1206
          D:12 |       0 |    3871 |   0.0 |       0 |      31 |   0.0 |   931
          D:13 |       0 |    8696 |   0.0 |       0 |      36 |   0.0 |  1530
          D:14 |       0 |   10615 |   0.0 |       0 |      32 |   0.0 |  2271
          D:15 |       0 |      10 |   0.0 |       0 |       1 |   0.0 |    23
           Lab |       0 |    1688 |   0.0 |       0 |       3 |   0.0 |  1415
         IceCv |       0 |    1785 |   0.0 |       0 |      12 |   0.0 |   674
               +---------+---------+-------+---------+---------+-------+---------
